 Dungeon Crawl Stone Soup version 0.31-a0-702-gf82c85558f (webtiles) character file.

Game seed: 12917025475259378061

18 qw the Shooter (level 2, -2/17 HPs)
             Began as a Gargoyle Hunter on Sept 8, 2023.
             Slain by Natasha (7 damage)
             ... on level 2 of the Dungeon.
             The game lasted 00:00:15 (841 turns).

qw the Shooter (Gargoyle Hunter)                     Turns: 841, Time: 00:00:15

Health: -2/17      AC:  5    Str: 14    XL:     2   Next: 66%
Magic:  2/2        EV: 11    Int:  9    God:
Gold:   839        SH:  0    Dex: 13    Spells: 1/1 levels left

rFire   . . .        Y - +0 shortbow
rCold   . . .        (shield currently unavailable)
rNeg    + . .        c - +0 leather armour
rPois   inf          (no helmet)
rElec   +            (no cloak)
rCorr   .            (no gloves)
SInv    .            (no boots)
Will    .....        (no amulet)
Stlth   +            (no ring)
HPRegen 0.22/turn    (no ring)
MPRegen 0.08/turn

%: no passive effects
@: slowed, very slow
A: sickness immunity, AC +2, negative energy resistance 1, electricity
resistance, torment resistance 1, petrification resistance
a: no special abilities


You were on level 2 of the Dungeon.
You visited 1 branch of the dungeon, and saw 2 of its levels.

You collected 839 gold pieces.


Innate Abilities, Weirdness & Mutations

You are immune to sickness and miasma.
Your stone body is resilient. (AC +2)
You are immune to poison.
You resist negative energy. (rN+)
You are resistant to electric shocks. (rElec)
You are resistant to unholy torment.
You are immune to petrification.


   Skills:
 - Level 2.1 Fighting
 + Level 4.7 Ranged Weapons
 - Level 1.5 Dodging
 - Level 1.1 Stealth


You had one spell level left.
You didn't know any spells.
Your spell library was empty.

Inventory:

Hand Weapons
 Y - a +0 shortbow (weapon)
Armour
 a - a +0 helmet
 c - a +0 leather armour (worn)
Scrolls
 b - a scroll of teleportation {unknown}
 f - a scroll of noise {unknown}
 g - a scroll of fear {unknown}
Potions
 d - 3 potions of mutation {unknown}
 e - a potion of cancellation {unknown}

Dungeon Overview and Level Annotations

Branches:
Dungeon (2/15)

Altars:

Annotations:
D:2 Natasha


Message History

You shoot an arrow. The arrow hits the cerulean imp.
The cerulean imp is heavily wounded.
The cerulean imp barely misses you.
833 ||| Stepping ~*~*~tactically~*~*~ (outnumbered).
You shoot an arrow.
The arrow barely misses the cerulean imp.
The cerulean imp closely misses you.
You shoot an arrow. The arrow hits Natasha.
Natasha is lightly wounded.
Natasha claws you. The cerulean imp barely misses you.
You shoot an arrow.
The arrow hits Natasha but does no damage.
Natasha is lightly wounded.
Natasha casts a spell at you.
You feel yourself slow down.
The cerulean imp hits you from afar with a +1 spear.
You shoot an arrow. The arrow hits Natasha!
Natasha is severely wounded.
Natasha misses you. The cerulean imp closely misses you.
Natasha closely misses you. The cerulean imp barely misses you.
You shoot an arrow.
The arrow hits Natasha but does no damage.
Natasha is severely wounded.
Natasha claws you but does no damage. The cerulean imp closely misses you.
Natasha closely misses you.
You shoot an arrow. The arrow closely misses Natasha.
The arrow hits the cerulean imp.
The cerulean imp is severely wounded.
The cerulean imp barely misses you. Natasha claws you.
The cerulean imp hits you but does no damage.
Natasha claws you!
You shoot an arrow. The arrow barely misses Natasha.
The arrow hits the cerulean imp.
The cerulean imp is almost dead.
The cerulean imp disappears in a puff of smoke!
Natasha claws you but does no damage.
You shoot an arrow. The arrow closely misses Natasha.
Natasha claws you!
You die...
Natasha curls up and begins to purr.

................# .............
................# ............[
................# .#...........
................+ .........###.
................# ....(....###.
##..##'######...####....%........
....##.# #................###.
....##.. #.##.###.#..#....# #.
....##### #.#.@# # ...... #.#.h#
...... +......ยค....... ......
##............. #. ##..#..#.#.##.
#. ##......# # ...# #. #.......
.. # ...##. .....###. #..#.#..##.
#....# .##..#.#..##.


You could see Natasha.

Vanquished Creatures
  A dart slug (D:2)
  A ball python (D:1)
  2 endoplasms (D:1)
  A giant cockroach (D:1)
  3 goblins (D:1)
  A quokka (D:1)
  A frilled lizard (D:2)
  3 kobolds
  A rat (D:1)
14 creatures vanquished.

Notes
Turn   | Place    | Note
-------+----------+-------------------------------------------
     0 | D:1      | qw the Gargoyle Hunter began the quest for the Orb.
     0 | D:1      | Reached XP level 1. HP: 12/12 MP: 1/1
     0 | D:1      | 0 ||| qw: Version: 0.3-a-76-g4403597
     0 | D:1      | 0 ||| qw: Game counter: 1053
     0 | D:1      | 0 ||| qw: Melee chars always use a shield: true
     0 | D:1      | 0 ||| qw: God list: Okawaru
     0 | D:1      | 0 ||| qw: Allow faded altars: false
     0 | D:1      | 0 ||| qw: Do Orc after clearing Dungeon:15 true
     0 | D:1      | 0 ||| qw: Do second Lair branch before Depths: true
     0 | D:1      | 0 ||| qw: Lair rune preference: random
     0 | D:1      | 0 ||| qw: Goals: Normal
     0 | D:1      | 0 ||| PLANNING D:1-11
    53 | D:1      | Reached XP level 2. HP: 17/17 MP: 2/2
   407 | D:1      | Found a faded altar of an unknown god.
   593 | D:1      | 593 ||| READING scroll labelled OBUHILUIZUTA.
   593 | D:1      | Identified a scroll of acquirement
   593 | D:1      | 593 ||| ACQUIRING 798 gold pieces
   593 | D:1      | Acquired 798 gold pieces
   595 | D:1      | 595 ||| DROPPING scroll of butterflies.
   825 | D:2      | Noticed Natasha
   827 | D:2      | 827 ||| Stepping ~*~*~tactically~*~*~ (outnumbered).
   833 | D:2      | 833 ||| Stepping ~*~*~tactically~*~*~ (outnumbered).
   839 | D:2      | HP: 4/17 [Natasha (7)]
   841 | D:2      | Slain by Natasha

Levels and vault maps discovered:
D:1:      wander_arrival_estate, layout_loops_ring,
          hellmonk_ecumenical_altar_blasted, hangedman_decor_points,
          solitary_fountain
D:2:      layout_basic, uniq_natasha

Action                     || total
---------------------------++-------
   Fire: Shortbow          ||    50
    Use: Scroll            ||     1
 Armour: Leather armour    ||    13
  Dodge: Dodged            ||    12

Table legend:
 A = Non-vault XP
 B = Vault XP
 C = Vault XP percentage of total XP
 D = Non-vault monster count
 E = Vault monster count
 F = Vault count percentage of total count
                 A         B        C        D         E       F
            +---------+---------+-------+---------+---------+-------
      Total |      26 |       0 |   0.0 |      14 |       0 |   0.0
            +---------+---------+-------+---------+---------+-------
        D:1 |      20 |       0 |   0.0 |      11 |       0 |   0.0
        D:2 |       6 |       0 |   0.0 |       3 |       0 |   0.0
            +---------+---------+-------+---------+---------+-------
